AoeStats
← Thebärbär

Arena

509409493Analyzed
1v1 RM · 6d ago on Sep 26, 2026· 54m 50s· 2 players
Game mode
Random Map
Map size
Tiny (2 player)
Population
200
Speed
Normal
Resources
Standard
Victory
Conquest
Starting age
Dark Age
Ending age
Imperial Age
RankedLock teamsTeams togetherTeam positionsShared explorationLock speedFull tech treeHidden civsTurbo modeCheats
Victory
Defeat
🇩🇪 Turks · Germany
761
+15
🇪🇬 Saracens · Egypt
743
-15
opsek95
10:42 Feudal Age
11:20 Horse Collar
11:26 Double-Bit Axe
15:22 Loom
19:45 Castle Age
20:22 Bloodlines
21:27 Bow Saw
21:19 Heavy Plow
21:21 Pikeman
22:48 Husbandry
23:02 Scale Barding Armor
23:08 Forging
27:02 Wheelbarrow
28:35 Light Cavalry
29:38 Chain Barding Armor
29:53 Iron Casting
29:20 Scale Mail Armor
30:58 Hand Cart
36:23 Imperial Age
36:09 Town Watch
37:08 Chain Mail Armor
36:44 Fletching
37:17 Squires
38:22 Siege Engineers
38:27 Masonry
39:17 Chemistry
39:02 Bodkin Arrow
40:10 Conscription
39:42 Capped Ram
40:24 Hussar
41:15 Padded Archer Armor
41:37 Heavy Camel Rider
43:21 Plate Mail Armor
43:15 Onager
45:47 Plate Barding Armor
46:18 Blast Furnace
51:13 Two-Man Saw
50:58 Siege Onager
52:15 Siege Onager
Thebärbär
11:09 Feudal Age
16:23 Castle Age
14:28 Horse Collar
15:20 Double-Bit Axe
23:04 Wheelbarrow
22:15 Loom
23:53 Bow Saw
26:08 Ballistics
30:44 Hand Cart
32:28 Gold Mining
33:32 Murder Holes
36:46 Imperial Age
34:30 Heavy Plow
34:39 Padded Archer Armor
34:30 Fletching
37:32 Bloodlines
37:22 Husbandry
37:36 Forging
37:21 Bodkin Arrow
37:42 Leather Archer Armor
37:33 Scale Barding Armor
38:11 Artillery
37:47 Elite Janissary
39:10 Artillery
42:27 Chain Barding Armor
42:08 Scale Mail Armor
42:44 Iron Casting
42:09 Bracer
42:40 Ring Archer Armor
42:40 Bombard Tower
45:34 Plate Barding Armor
Connection lost

Rejoining the realm…

Still unreachable

The connection could not be restored.

Session expired

The server has moved on; the page needs a fresh start.